[Event "37th ECCC 2022"]
[Site "Mayrhofen"]
[Date "2022.10.04"]
[Round "2.75"]
[White "Lever, Erwan"]
[Black "Paasikangas, Johanna"]
[Result "*"]
[WhiteElo "2242"]
[BlackElo "2125"]
[Annotator "TA"]
[PlyCount "29"]
[EventDate "2022.10.03"]
[EventType "team-tourn"]
[EventCountry "AUT"]
[SourceTitle "playchess.com"]
[Source "ChessBase"]
[SourceQuality "1"]
[TimeControl "40/5400+30:1800+30"]

1. e4 c5 2. Nf3 a6 3. g3 Nc6 4. Bg2 g6 5. O-O Bg7 6. c3 {[%emt 0:03:08] B28: Sicilian: 2 Nf3 a6 (O'Kelly Variation).} e5 {[%emt 0:01:51] Prevents d4.} 7. d3 Nge7 8. Be3 d6 {[%emt 0:04:21] [#] Not much happened in this game.  Weighted Error Value: White=0.02 (flawless) /Black=0.04 (flawless)} {Predecessor:} 9. d4 $146 cxd4 10. cxd4 O-O 11. d5 Nb8 12. Nc3 h6 13. a4 f5 14. a5 Nd7 15. Qb3 {1-0 (79) Perez Gormaz,M (2404)-Marcziter,D (2259) Chess.com INT 2021} *

[Event "37th ECCC 2022"]
[Site "Mayrhofen"]
[Date "2022.10.04"]
[Round "2.75"]
[White "Zulfic, Fedja"]
[Black "Heinola, Vesa"]
[Result "1/2-1/2"]
[ECO "B28"]
[WhiteElo "2157"]
[BlackElo "2265"]
[Annotator "TA"]
[PlyCount "84"]
[EventDate "2022.10.03"]
[EventType "team-tourn"]
[EventCountry "AUT"]
[SourceTitle "playchess.com"]
[Source "ChessBase"]
[SourceQuality "1"]
[TimeControl "40/5400+30:1800+30"]

1. e4 c5 2. Nf3 a6 3. g3 Nc6 4. Bg2 g6 5. O-O Bg7 6. c3 {[%emt 0:03:08] B28: Sicilian: 2 Nf3 a6 (O'Kelly Variation).} e5 {[%emt 0:01:51] Prevents d4.} 7. d3 Nge7 8. Be3 d6 9. Qd2 O-O 10. Bh6 {[%emt 0:20:36] [#]} f6 $146 ({Predecessor:} 10... f5 11. Bxg7 Kxg7 12. h3 fxe4 13. dxe4 Bxh3 14. Bxh3 Rxf3 15. Qe2 Rf6 {0-1 (36) Opasiak,D (1797)-Sukandar,I (2387) Caleta 2018}) 11. Na3 Bxh6 12. Qxh6 Be6 13. h4 b5 14. Nc2 Qb6 15. h5 Rf7 16. Ne3 (16. Bh3 $5 Nd8 17. Ne3 $14) 16... Rg7 (16... Bd7 $11 {keeps the balance.}) 17. Nh4 $2 ({White should play} 17. hxg6 $16 Rxg6 18. Qh1) 17... Rf8 $1 $15 18. f4 {[%emt 0:07:44] [#]} ({White should try} 18. Nd5 $15 Bxd5 19. exd5) 18... exf4 $2 (18... Nd8 $1 $17 {[%cal Rd8f7] Threatens to win with ...Nf7.} 19. fxe5 dxe5) 19. Qxf4 $2 {[%emt 0:00:29] [#]} (19. gxf4 $14 {stays ahead.} Bd7 20. Rae1 (20. hxg6 hxg6 21. f5 Rh7 $15)) 19... Ne5 $1 $19 {[%emt 0:00:49] aiming for ...g5.} 20. hxg6 (20. Qf2 $142) 20... hxg6 {[%emt 0:00:15] And now ...g5 would win.} 21. d4 (21. Qf2 $142 Nxd3 22. Qd2) 21... cxd4 22. cxd4 Qxd4 (22... g5 $19 {has better winning chances.} 23. Qf2 gxh4 24. dxe5 hxg3) 23. Rad1 Qc5 24. Qf2 Nc4 (24... N7c6 $17 25. a3 Bb3) 25. Nxc4 $11 Bxc4 ({Much less strong is} 25... bxc4 26. Qxc5 dxc5 27. Rd6 $14) 26. Rfe1 Nc6 27. b3 Be6 28. Qxc5 dxc5 29. Rd6 $132 {[%emt 0:00:06][%csl LRc6,LRe6][%mdl 2048] White is not holding back} Nd4 30. Rxa6 Rd8 31. Nf3 {[%emt 0:00:20] Strongly threatening Nxd4.} Bg4 32. Rxf6 Bxf3 33. Bxf3 Ra7 34. e5 Nxf3+ 35. Rxf3 Rxa2 {[%emt 0:00:21][%mdl 4096] Endgame KRR-KRR} 36. e6 Ra7 37. Re5 Rc7 38. Rc3 Rdc8 39. b4 Kf8 {[%emt 0:02:00] The position is equal.} (39... cxb4 40. Rxc7 Rxc7 41. e7 $18) 40. Rcxc5 Rxc5 41. bxc5 b4 42. Re4 Rxc5 {[%emt 0:00:23] And White is the lucky defender.  Weighted Error Value: White=0.33/Black=0.32} 1/2-1/2

[Event "37th ECCC 2022"]
[Site "Mayrhofen"]
[Date "2022.10.04"]
[Round "2.76"]
[White "Kauko, Jussi"]
[Black "Hill, Alistair"]
[Result "1-0"]
[ECO "A34"]
[WhiteElo "2250"]
[BlackElo "2173"]
[Annotator "TA"]
[PlyCount "85"]
[EventDate "2022.10.03"]
[EventType "team-tourn"]
[EventCountry "AUT"]
[SourceTitle "playchess.com"]
[Source "ChessBase"]
[SourceQuality "1"]
[TimeControl "40/5400+30:1800+30"]

1. c4 Nf6 2. g3 c5 3. Bg2 d5 4. cxd5 Nxd5 5. Nc3 Nc7 6. Qa4+ Bd7 7. Qb3 {[%emt 0:00:08] A34: Symmetrical English: 2 Nc3, lines with ...d5.} Nc6 8. Qxb7 Nd4 9. Qe4 {[%emt 0:00:08] Inhibits Nc2+. White has an edge.} g6 {[%emt 0:00:56] ...Bf5 is the strong threat.} 10. Qb1 Bg7 11. d3 Rb8 12. Bd2 O-O {[%emt 0:12:43][%cal Oc5c4][%mdl 1024] Black has compensation.} 13. e3 {[%emt 0:12:57] [#]} ({But not} 13. Nf3 Bc6 $15) (13. Qc1 $11) 13... Ndb5 $146 ({Black should try} 13... Nc6 $1 $17 {[%cal Rc6e5] White must now prevent ...Ne5.} 14. f4 c4) ({Predecessor:} 13... Bc6 14. Kf1 Bxg2+ 15. Kxg2 Nc6 16. Nf3 Nb4 17. d4 Ne6 18. a3 Nd5 19. Qa2 Nb6 {½-½ (43) Markowski,T (2557)-Tomczak,J (2596) Warsaw 2017}) 14. Nge2 Bg4 (14... Bf5 $1 $15) 15. Qc2 $1 $11 Qd7 16. Rd1 Rfd8 17. Bc1 Na6 18. a3 {[%emt 0:01:02] Prevents Nb4.} Be6 19. Ne4 Nxa3 20. bxa3 {[%emt 0:01:45] Hoping for Nd2.} Bb3 21. Qd2 Bxd1 22. Qxd1 Qxd3 23. Qxd3 Rxd3 24. Nd2 (24. Nf4 $14 Rdd8 25. g4) 24... Bb2 $15 25. Be4 Rxa3 26. O-O {[%emt 0:00:13] Threatens to win with Bxb2.} Bxc1 27. Nxc1 Nb4 28. Nc4 Ra1 29. Nb3 $132 {[%emt 0:01:00][%mdl 2048] White puts up resistance} Rxf1+ 30. Kxf1 f5 31. Bf3 Nd3 32. Bd5+ Kg7 33. Nca5 e5 34. Ke2 {[%emt 0:01:53] [#]} (34. e4 $11) 34... e4 $1 $17 35. f3 {[%emt 0:00:13] [#]} Nb4 (35... c4 $1 $17 36. Bxc4 Ne5) 36. fxe4 $11 Nxd5 37. exd5 c4 $2 (37... Rd8 $11 {and Black has nothing to worry.}) 38. Nc5 $2 {[%emt 0:02:26] Pair of Knights!} (38. Nd4 $18) 38... Rb2+ $14 39. Ke1 {[%emt 0:00:14] Strongly threatening d6.} (39. Kd1 $5 c3 40. Nab3 $16) 39... Kf7 $2 (39... c3 $11 {and Black is okay.} 40. Nab3 Kf7) 40. d6 $2 (40. Nxc4 $18 Rc2 41. Nd6+ Kf6 42. Ndb7) 40... Rb8 (40... c3 $11 41. Nab3 Rb1+ 42. Ke2 c2) 41. Nc6 $18 {[%emt 0:31:30] White is clearly winning.} Rb1+ 42. Kd2 {[%emt 0:00:00] Threatening mate with d7.} c3+ 43. Kc2 {[%emt 0:00:00] Weighted Error Value: White=0.32/Black=0.27 (precise)} 1-0

[Event "37th ECCC 2022"]
[Site "Mayrhofen"]
[Date "2022.10.04"]
[Round "2.76"]
[White "Vihinen, Teemu"]
[Black "Tabernig, Bernhard"]
[Result "*"]
[ECO "A15"]
[WhiteElo "2126"]
[BlackElo "2310"]
[Annotator "TA"]
[PlyCount "37"]
[EventDate "2022.10.03"]
[EventType "team-tourn"]
[EventCountry "AUT"]
[SourceTitle "playchess.com"]
[Source "ChessBase"]
[SourceQuality "1"]
[TimeControl "40/5400+30:1800+30"]

1. c4 Nf6 2. g3 c5 3. Bg2 d5 4. cxd5 Nxd5 5. Nc3 Nc7 6. Qa4+ Bd7 7. Qb3 {[%emt 0:00:08] A34: Symmetrical English: 2 Nc3, lines with ...d5.} Nc6 8. Qxb7 Nd4 9. Qe4 {[%emt 0:00:08] Prevents Nc2+.} g6 {[%emt 0:00:56] [#] Threatens to win with ...Bf5.} 10. Qb1 Bg7 11. d3 Rb8 12. Bd2 O-O {[%emt 0:12:43] [#] An even fight not without its subleties.  Weighted Error Value: White=0.03 (flawless) /Black=0.00 (flawless)} {Predecessor:} 13. e3 $146 Bc6 14. Kf1 Bxg2+ 15. Kxg2 Nc6 16. Nf3 Nb4 17. d4 Ne6 18. a3 Nd5 19. Qa2 {½-½ (43) Markowski,T (2557)-Tomczak,J (2596) Warsaw 2017} *

[Event "37th ECCC 2022"]
[Site "Mayrhofen"]
[Date "2022.10.04"]
[Round "2.77"]
[White "Schiestl, Josef"]
[Black "Tahkavuori, Tapani"]
[Result "*"]
[WhiteElo "2123"]
[BlackElo "2070"]
[Annotator "TA"]
[PlyCount "19"]
[EventDate "2022.10.03"]
[EventType "team-tourn"]
[EventCountry "AUT"]
[SourceTitle "playchess.com"]
[Source "ChessBase"]
[SourceQuality "1"]
[TimeControl "40/5400+30:1800+30"]

1. e4 c5 2. Nc3 e6 3. Nf3 Nc6 4. d4 cxd4 5. Nxd4 Nf6 6. Be2 Be7 {[%emt 0:06:25] The position is equal.} 7. f4 {[%emt 0:00:47] [#] B45: Sicilian Four Knights.} d5 $146 ({Predecessor:} 7... d6 8. Be3 a6 9. O-O Qc7 10. Kh1 Bd7 11. Qe1 Nxd4 12. Bxd4 Bc6 13. Bf3 O-O 14. Qg3 b5 15. a3 a5 16. e5 dxe5 17. Bxe5 Qb7 18. Rae1 g6 19. Qh3 {0-1 (46) Reyes Najera,C (2265)-Flores,M (2185) San Salvador 1994}) 8. e5 Nxd4 9. Qxd4 Nd7 10. Be3 {[%emt 0:07:22] A rather calm draw.  Weighted Error Value: White=0.14 (very precise) /Black=0.08 (flawless)} *

[Event "37th ECCC 2022"]
[Site "Mayrhofen"]
[Date "2022.10.04"]
[Round "2.77"]
[White "Maciol, Ryszard"]
[Black "Torkkola, Henri"]
[Result "1-0"]
[ECO "B45"]
[WhiteElo "2119"]
[BlackElo "2174"]
[Annotator "TA"]
[PlyCount "63"]
[EventDate "2022.10.03"]
[EventType "team-tourn"]
[EventCountry "AUT"]
[SourceTitle "playchess.com"]
[Source "ChessBase"]
[SourceQuality "1"]
[TimeControl "40/5400+30:1800+30"]

1. e4 c5 2. Nc3 e6 3. Nf3 Nc6 4. d4 cxd4 5. Nxd4 Nf6 6. Be2 Be7 7. f4 {[%emt 0:00:47] [#] B45: Sicilian Four Knights.} (7. O-O $142) 7... d5 $146 ({Predecessor:} 7... d6 8. Be3 a6 9. O-O Qc7 10. Kh1 Bd7 11. Qe1 Nxd4 12. Bxd4 Bc6 13. Bf3 O-O 14. Qg3 b5 15. a3 a5 16. e5 dxe5 17. Bxe5 Qb7 18. Rae1 g6 19. Qh3 {0-1 (46) Reyes Najera,C (2265)-Flores,M (2185) San Salvador 1994}) 8. e5 $1 Nxd4 9. Qxd4 {[%emt 0:00:19] The position is equal.} Nd7 10. Be3 a6 11. O-O-O Qc7 12. Qd2 O-O 13. Rhf1 Bb4 (13... b5 $15) 14. Bd4 $11 Nc5 15. Qe3 $36 {[%emt 0:02:14][%mdl 2048] Against Ne4. a3 is the strong threat. White is really pushing.} b6 {[%emt 0:07:12] [#]} (15... Bd7 $16) 16. Rf3 (16. f5 $1 $18 {[%cal Rf5f6] Black must now prevent f6.} Bxc3 17. Qxc3 (17. Bxc3 exf5 18. Rxd5 Ne4 $11)) 16... Bb7 17. f5 exf5 $1 18. Rxf5 Rac8 19. Bd3 Bxc3 20. Bxc3 Ne4 {[%emt 0:00:44] [#] Against Rg5} (20... d4 $14 21. Bxd4 (21. Qxd4 Nxd3+ 22. cxd3 Rfd8 $11) 21... Nxd3+ 22. Qxd3 b5) 21. Bd4 {[%emt 0:00:16] White is more active.} ({Better is} 21. Bb4 $1 $16 ) 21... b5 $14 22. Rdf1 b4 23. Kb1 Qa5 $2 (23... Qe7 $14) 24. Bxe4 (24. e6 $142 b3 25. axb3 (25. exf7+ Rxf7 26. axb3 Rxf5 $16) 25... fxe6 26. Rxf8+ Rxf8 27. Rxf8+ Kxf8 28. Qf4+ Ke7 29. c3 (29. Bxg7 Qe1+ 30. Ka2 Qa5+ 31. Kb1 Qe1+ 32. Ka2 Qa5+ 33. Kb1 $11)) 24... dxe4 $18 25. e6 $1 {[%emt 0:00:04] Chess con chili.} Bd5 $2 {[%emt 0:03:23] A mistake that costs the game.} (25... fxe6 $16 26. Qg3 (26. Rxa5 Rxf1+ 27. Qc1 Rxc1+ 28. Kxc1 e3 $11) 26... e5 27. Rxf8+ (27. Bxe5 g6 $16) (27. Qxe5 Qxe5 28. Rxf8+ Rxf8 $11) 27... Rxf8 28. Rxf8+ Kxf8) 26. Rxf7 Bxa2+ 27. Kc1 Rxc2+ 28. Kxc2 {[%emt 0:00:09][%csl Gf1][%cal Rf7f8] White mates.} Rc8+ 29. Kd2 b3+ 30. Bc3 Qd5+ 31. Ke1 Rxc3 32. Qxc3 {Weighted Error Value: White=0.23 (precise) /Black=0.50} 1-0

[Event "37th ECCC 2022"]
[Site "Mayrhofen"]
[Date "2022.10.04"]
[Round "2.78"]
[White "Varpanen, Jan"]
[Black "Quinn, John M"]
[Result "1-0"]
[ECO "C89"]
[WhiteElo "2106"]
[BlackElo "2122"]
[Annotator "TA"]
[PlyCount "107"]
[EventDate "2022.10.03"]
[EventType "team-tourn"]
[EventCountry "AUT"]
[SourceTitle "playchess.com"]
[Source "ChessBase"]
[SourceQuality "1"]
[TimeControl "40/5400+30:1800+30"]

1. e4 e5 2. Nf3 Nc6 3. Bb5 a6 4. Ba4 Nf6 5. O-O Be7 6. Re1 b5 7. Bb3 O-O 8. c3 d5 9. exd5 Nxd5 10. Nxe5 Nxe5 11. Rxe5 c6 12. Re1 Bd6 13. d3 Qh4 14. g3 Qh3 15. Re4 Nf6 16. Rh4 {[%emt 0:08:21] C89: Closed Ruy Lopez: Marshall Attack.} Qf5 17. Bc2 Re8 18. Nd2 {[%emt 0:13:04] [#]} (18. d4 $14 Qd5 19. Be3) 18... c5 $146 (18... Ng4 $11 19. Nf3 (19. Ne4 Be7 $11) 19... Qg6) ({Predecessor:} 18... g5 19. Ne4 gxh4 20. Nxd6 Qe6 21. Nxe8 Nxe8 22. Bf4 h3 23. Qe1 Nf6 24. Qe5 Qxe5 25. Bxe5 {1-0 (49) Kopp,B (2399)-Siebert,V (2113) Germany 2008}) 19. Ne4 $16 Nxe4 (19... Be7 $16) 20. dxe4 $18 {[%emt 0:01:38][%mdl 64] Discovered Attack} Qe6 {[%emt 0:02:34] [#]} (20... Qd7 {might work better.}) 21. e5 $1 ({Weaker is} 21. Qh5 h6 $14) 21... Bxe5 22. Bxh7+ Kf8 23. Be4 {[%emt 0:06:10] Inhibits Bb7.} Ra7 24. Rh8+ Ke7 25. Bg5+ f6 26. Rxe8+ Kxe8 27. Bg6+ Ke7 28. Be3 Rc7 29. Qh5 {[%emt 0:01:31] [#] Black must now prevent Qh8.} Qh3 30. Re1 Qxh5 31. Bxh5 Kd8 32. f4 Bd6 33. Rd1 Ke7 34. Re1 {[%emt 0:00:38] White is more active.} Kd8 $1 35. Bf2 Re7 36. Rxe7 Kxe7 $16 {[%emt 0:00:00][%mdl 4096] Endgame KBB-KBB} 37. Bf3 Kf7 38. Kg2 g6 39. Be3 c4 (39... Be6 $16 {keeps fighting.}) 40. a3 $18 Ke6 41. Bg4+ (41. Bb6 $18) 41... f5 $16 42. Bf3 Kf7 (42... a5 $16 43. Bb6 a4) 43. Bd5+ Kf8 44. Kf3 Ke7 45. h3 Kf8 (45... Be6 $142) 46. g4 $18 Be7 47. Bd4 Bd8 48. gxf5 $2 (48. g5 $18) 48... gxf5 (48... Bxf5 $16 49. Bb7 Bxh3 50. Bxa6 Bd7 51. Bc5+ Kg7) 49. Kg3 Bd7 $2 (49... Ke7 {was worth a try.} 50. h4 Be6) 50. h4 Be8 51. Be6 Be7 (51... Bg6 {was necessary.} 52. Bc8 a5) 52. Bxf5 {[%emt 0:00:00] aiming for Kg4. White is clearly winning.} a5 53. Kg4 {[%emt 0:00:00] h5 is the strong threat.} Bf7 54. h5 {[%emt 0:00:00] Weighted Error Value: White=0.26 (precise) /Black=0.44} 1-0

[Event "37th ECCC 2022"]
[Site "Mayrhofen"]
[Date "2022.10.04"]
[Round "2.78"]
[White "Buselli, Daniel"]
[Black "Spindelberger, Paul"]
[Result "*"]
[WhiteElo "1667"]
[BlackElo "1983"]
[Annotator "TA"]
[PlyCount "46"]
[EventDate "2022.10.03"]
[EventType "team-tourn"]
[EventCountry "AUT"]
[SourceTitle "playchess.com"]
[Source "ChessBase"]
[SourceQuality "1"]
[TimeControl "40/5400+30:1800+30"]

1. e4 e5 2. Nf3 Nc6 3. Bb5 a6 4. Ba4 Nf6 5. O-O Be7 6. Re1 b5 7. Bb3 O-O 8. c3 d5 9. exd5 Nxd5 10. Nxe5 Nxe5 11. Rxe5 c6 12. Re1 {[%emt 0:04:48] 12.d3 is becoming the main line. C89: Closed Ruy Lopez: Marshall Attack.} Bd6 13. d3 Qh4 14. g3 {[%emt 0:02:05] [#]  Weighted Error Value: White=0.00 (flawless) /Black=0.06 (flawless)} {Predecessor:} Qh3 $146 15. Re4 Nf6 16. Rh4 Qd7 17. Nd2 c5 18. Ne4 Nxe4 19. dxe4 Be7 20. Qxd7 Bxd7 21. Rh5 c4 22. Bc2 Be6 23. Be3 Rfc8 {0-1 (48) Karthikeyan,M (2613)-Predke,A (2692) Abu Dhabi 2022} *

[Event "37th ECCC 2022"]
[Site "Mayrhofen"]
[Date "2022.10.05"]
[Round "3.1"]
[White "Mamedov, Rauf"]
[Black "Anand, Viswanathan"]
[Result "1/2-1/2"]
[ECO "C44"]
[WhiteElo "2646"]
[BlackElo "2756"]
[Annotator "TA"]
[PlyCount "60"]
[EventDate "2022.10.03"]
[EventType "team-tourn"]
[EventCountry "AUT"]
[SourceTitle "playchess.com"]
[Source "ChessBase"]
[SourceQuality "1"]
[TimeControl "40/5400+30:1800+30"]

1. e4 e5 2. Nf3 Nc6 3. d4 exd4 4. Bc4 Bc5 5. Ng5 Nh6 6. Nxf7 Nxf7 7. Bxf7+ Kxf7 8. Qh5+ g6 9. Qxc5 d5 $1 {[%emt 0:00:23][%mdl 4] is recently more successful than 9...d6. C44: Ponziani Opening and Scotch Gambit.} 10. O-O ({Don't play} 10. Qxd5+ Qxd5 11. exd5 Re8+ 12. Kd1 Nb4 $17) ({Much worse is} 10. exd5 Re8+ 11. Kd1 Re5 $17) 10... dxe4 11. c3 Re8 12. cxd4 Qxd4 13. Qg5 Qf6 14. Qg3 {[%emt 0:07:50][%mdl 1024] White has compensation.} Nd4 {[%emt 0:06:39] [#] aiming for ...Ne2+.} 15. Nc3 {[%emt 0:01:56] Inhibits Ne2+.} c6 16. Bg5 Qe5 {[%emt 0:06:16] [#]} 17. Rad1 $146 ({Predecessor:} 17. Rae1 Bf5 18. Qh4 h5 19. Nxe4 Qxe4 20. Rxe4 Rxe4 21. f4 Re2 22. Bd8 Ke8 23. Ba5 {½-½ (36) Samsonkin,A (2419)-Harutyunian,T (2532) Moscow 2019}) 17... Nf5 {[%emt 0:01:40] Inhibits Qh4.} 18. Qxe5 (18. Qh3 {looks sharper.} h6 19. Bc1 h5 20. Rfe1) 18... Rxe5 19. Rfe1 h6 20. Bf4 (20. Bc1 $5 ) 20... Re8 21. Nxe4 {[%emt 0:08:09] [#] Threatens to win with g4.} g5 {[%emt 0:04:50] The position is equal.} 22. Nd6+ Nxd6 23. Bxd6 Rxe1+ 24. Rxe1 $11 {[%emt 0:00:04][%mdl 4096] Endgame KRB-KRB} Be6 25. a3 Rd8 26. Bb4 Re8 27. Bc3 Bd5 28. Rxe8 Kxe8 29. f3 Kf7 30. Kf2 h5 {[%emt 0:00:23] Weighted Error Value: White=0.04 (flawless) /Black=0.08 (flawless)} 1/2-1/2

[Event "37th ECCC 2022"]
[Site "Mayrhofen"]
[Date "2022.10.05"]
[Round "3.2"]
[White "Rapport, Richard"]
[Black "Shevchenko, Kirill"]
[Result "0-1"]
[ECO "A05"]
[WhiteElo "2754"]
[BlackElo "2645"]
[Annotator "TA"]
[PlyCount "117"]
[EventDate "2022.10.03"]
[EventType "team-tourn"]
[EventCountry "AUT"]
[SourceTitle "playchess.com"]
[Source "ChessBase"]
[SourceQuality "1"]
[TimeControl "40/5400+30:1800+30"]

1. Nf3 Nf6 2. g3 g6 3. Bg2 Bg7 4. d4 O-O 5. O-O d5 6. c4 Nc6 7. cxd5 Nxd5 8. e3 Nb6 9. Bd2 {[%emt 0:03:52] D74: Fianchetto Grünfeld: Main Line (5 Nf3 0-0 6 cxd5 Nxd5 7 0-0).} e5 10. Nxe5 Nxe5 11. dxe5 {[%emt 0:00:05] The position is equal.} Bxe5 12. Bc3 Qe7 {[%emt 0:09:06] [#]} 13. Qc2 $146 ({Predecessor:} 13. Qc1 c6 14. f4 Bd6 15. e4 Bc5+ 16. Kh1 Na4 17. f5 f6 18. Be1 Nb6 19. Nd2 {0-1 (40) Cerveny,M (2231)-Toma,K (2238) Brno 2006}) 13... c6 14. Nd2 Rd8 15. a3 Bf5 16. e4 $1 Bg4 17. Bxe5 Qxe5 18. f4 Qb5 19. Rf2 Qd3 $1 20. Rc1 Qxc2 21. Rxc2 Rd3 22. Bf1 Rd4 23. h3 Be6 24. f5 gxf5 25. exf5 Bd5 26. Re2 Rd8 27. Kf2 Nc4 28. Nxc4 Bxc4 29. Re7 Bxf1 30. Kxf1 R4d7 31. Rxd7 Rxd7 $11 {[%emt 0:00:05][%mdl 4096] Endgame KR-KR} 32. Ke2 {[%emt 0:00:11] Against Rd3} Kg7 33. Rc4 Rd5 34. Rg4+ Kf6 35. Rh4 Rb5 36. b4 (36. Rxh7 $11 Rxb2+ 37. Kf3) 36... Re5+ $15 37. Kd2 Rxf5 38. Rxh7 Rf3 39. g4 Rxa3 {[%emt 0:00:24] [#] Threatens to win with ...Rb3.} 40. Kc2 {[%emt 0:00:22] Prevents Rb3.} a5 41. bxa5 Rxa5 42. Rh8 ({White should try} 42. Kd2 $15) 42... Ra3 $17 43. h4 $2 {[%emt 0:00:00][%mdl 8192] [#] White does not recover from this.} (43. Kd2 $17) 43... Kg7 $1 $19 44. Rb8 Ra4 45. Rxb7 Rxg4 46. Rc7 Rxh4 47. Rxc6 {[%emt 0:00:00] Black mates.} Rd4 48. Rc3 Rd5 49. Rf3 Kg6 50. Rf1 f5 51. Kc3 Kg5 52. Kc4 Rd8 53. Rg1+ Kh4 54. Rf1 Kg4 55. Rg1+ Kh3 56. Rf1 Rf8 57. Kd3 Kg2 58. Rf4 Kg3 59. Kd4 {Weighted Error Value: White=0.34/Black=0.01 (flawless)} 0-1

[Event "37th ECCC 2022"]
[Site "Mayrhofen"]
[Date "2022.10.05"]
[Round "3.3"]
[White "Iskandarov, Misratdin"]
[Black "Deac, Bogdan-Daniel"]
[Result "0-1"]
[ECO "C54"]
[WhiteElo "2601"]
[BlackElo "2707"]
[Annotator "TA"]
[PlyCount "106"]
[EventDate "2022.10.03"]
[EventType "team-tourn"]
[EventCountry "AUT"]
[SourceTitle "playchess.com"]
[Source "ChessBase"]
[SourceQuality "1"]
[TimeControl "40/5400+30:1800+30"]

1. e4 e5 2. Nf3 Nc6 3. Bc4 Bc5 4. c3 Nf6 5. d3 d6 6. O-O a5 {[%emt 0:00:58] C54: Giuoco Piano: 4 c3 Nf6, main lines with 5 d4 and 5 d3.} 7. Re1 Ba7 8. Na3 h6 {[%emt 0:04:05] The position is equal.} 9. Nc2 O-O 10. Be3 {[%emt 0:05:19] [#]} Ne7 $146 ({Predecessor:} 10... Bxe3 11. Nxe3 Re8 12. a4 Be6 13. Bxe6 Rxe6 14. Qb3 b6 15. Rad1 Ne7 16. h3 Qd7 {0-1 (49) Nepomniachtchi,I (2782)-Carlsen,M (2855) Dubai 2021}) 11. Bxa7 Rxa7 12. d4 Ng6 13. dxe5 dxe5 14. Qxd8 Rxd8 15. Rad1 Re8 16. Nd2 c6 17. f3 Nd7 18. Ne3 b5 19. Bf1 Nc5 20. Nb3 Nxb3 21. axb3 Be6 22. Rd6 Rc8 23. c4 Nf8 24. cxb5 cxb5 25. Nd5 Rc2 26. Re2 Rc1 27. Rd2 Nd7 28. Ne7+ Kf8 29. Nd5 g6 30. b4 {[%emt 0:08:40] Prevents Nc5.} axb4 {[%emt 0:05:26] [#] ...Nc5 is the strong threat.} 31. Kf2 $1 b3 32. Bxb5 Nc5 33. Nb4 Rb7 34. Nd3 Nxd3+ 35. Bxd3 Rbc7 36. Ke3 h5 37. Be2 Rh1 38. h3 (38. Bd1 $1 $15) 38... Rb1 $2 (38... Rc2 $19 {aiming for ...Re1.} 39. h4 Re1) 39. Bd1 $11 Rb7 40. h4 Ke7 41. R6d3 Kf6 42. g3 Rc1 43. Kf2 Rb4 44. Ke3 Ke7 45. Be2 Rc6 46. Rd1 f5 47. exf5 gxf5 48. R3d2 f4+ 49. gxf4 Rxf4 50. Rh1 Rc2 51. Bd1 $1 Rc1 {[%emt 0:01:52] White must now prevent ...Rb1.} 52. Rhh2 {[%emt 0:01:06] [#]} (52. Rg1 $1 $11 {remains equal.}) 52... Rd4 $1 $17 {[%emt 0:01:24] Black has more active pieces.} 53. f4 $2 Rxd1 {[%emt 0:00:06] Weighted Error Value: White=0.25 (precise) /Black=0.09 (flawless)} 0-1

[Event "37th ECCC 2022"]
[Site "Mayrhofen"]
[Date "2022.10.05"]
[Round "3.4"]
[White "Gukesh D"]
[Black "Ahmadzada, Ahmad"]
[Result "1-0"]
[ECO "E11"]
[WhiteElo "2732"]
[BlackElo "2488"]
[Annotator "TA"]
[PlyCount "83"]
[EventDate "2022.10.03"]
[EventType "team-tourn"]
[EventCountry "AUT"]
[SourceTitle "playchess.com"]
[Source "ChessBase"]
[SourceQuality "1"]
[TimeControl "40/5400+30:1800+30"]

1. d4 Nf6 2. c4 e6 3. Nf3 Bb4+ 4. Nbd2 b6 5. a3 Bxd2+ 6. Qxd2 Bb7 7. e3 O-O 8. Be2 d5 {[%emt 0:00:56] E14: Queen's Indian: Classical Variation (4 e3).} 9. b3 Nbd7 10. O-O c5 {[%emt 0:04:17] The position is equal.} 11. a4 Rc8 12. Ba3 Re8 13. cxd5 Bxd5 14. Qb2 {[%emt 0:03:31] [#]} Ne4 $146 ({Predecessor:} 14... cxd4 15. Nxd4 Nc5 16. Bb5 Re7 17. Rad1 Qc7 18. f3 a6 19. Be2 Rd7 20. Rc1 Qd8 {½-½ (60) Toolin,C (2241)-Serna,J (2009) Dallas 2016}) 15. Rac1 Qf6 {[%emt 0:08:39] [#]} (15... Qe7 $14) 16. Bb5 $1 $16 Bc6 {[%emt 0:19:13] [#]} 17. Bxc6 $1 Rxc6 18. Ne5 (18. Qc2 $16 Qg6 19. dxc5) 18... Nxe5 $14 19. dxe5 Qg5 20. Rc4 f5 21. exf6 Nxf6 22. b4 Nd7 23. bxc5 Nxc5 24. Qe2 Rd6 25. h4 Qf6 26. g3 (26. Bxc5 $142 bxc5 27. Qh5 (27. Rxc5 Qxh4 28. Rc7 e5 $14)) 26... Rc8 $16 27. Bb2 e5 28. Ba3 Rdc6 29. Rd1 Qe6 30. e4 (30. Bxc5 $16 bxc5 31. Qd3) 30... h6 $14 31. Rd5 Nd7 32. Rxc6 {[%emt 0:00:07] White is more active.} Rxc6 33. Qb5 Kh7 34. h5 (34. Bb2 $16) 34... a6 35. Qd3 ({Better is} 35. Qxa6 $11 Nf6 36. Qb5) 35... Nf6 $15 36. Kg2 Nxh5 (36... Nxd5 $2 37. exd5+ e4 38. Qd4 $18 (38. dxe6 $2 exd3 39. e7 Re6 $19)) (36... Qe8 $15) 37. Bb2 $14 Rc5 38. Bxe5 $1 Rxd5 $4 {[%emt 0:01:01][%mdl 8192] Black cannot hold the game after this.} (38... Rc6 $16) 39. exd5+ $18 {[%emt 0:00:01][%mdl 64] Discovered Attack. White is clearly winning.} ({And not} 39. Qxd5 Qxd5 40. exd5 Kg6 $15) 39... Qg6 40. Qd4 {[%emt 0:00:38] Black must now prevent d6.} Qe8 41. d6 {[%emt 0:02:08] aiming for d7.} ({Less strong is} 41. g4 Nf6 42. Bxf6 gxf6 43. Qxf6 (43. Qxb6 Qe4+ 44. f3 Qe2+ 45. Kg3 Qe5+ 46. Kg2 Qe2+ 47. Qf2 Qd1 $16) 43... Qxa4 $18) 41... Qd7 42. Qxb6 {[%emt 0:00:43] Weighted Error Value: White=0.13 (very precise) /Black=0.19 (very precise)} 1-0